 Dungeon Crawl Stone Soup version 0.28-a0-224-g76b539d98b (webtiles) character file.

Game seed: 16968335021334061159

24840 timneilson the Protected (level 13, -7/80 HPs)
             Began as a Gargoyle Fighter on Aug 22, 2021.
             Was a High Priest of Okawaru.
             Killed by divine providence
             ... invoked by an orc priest
              (15 damage)
             ... on level 2 of the Orcish Mines.
             The game lasted 00:32:27 (14646 turns).

timneilson the Protected (Gargoyle Fighter)        Turns: 14646, Time: 00:32:27

Health: -7/80      AC: 30    Str: 25    XL:     13   Next: 15%
Magic:  17/18      EV: 18    Int:  9    God:    Okawaru [*****.]
Gold:   1315       SH: 15    Dex: 15    Spells: 12/12 levels left

rFire   + + +      SeeInvis .   r - +10 falchion "Ixegrar" {venom, rN+ Will+ Dex+6}
rCold   + . .      Faith    .   c - +1 kite shield
rNeg    + + +      Spirit   .   m - +0 plate armour
rPois   ∞          Reflect  .   K - -2 hat of the Alchemist {rElec rPois rF+ rC+ rN+ Will+ rMut rCorr}
rElec   +          Harm     .   v - +0 cloak
rCorr   +          Rampage  .   y - +0 pair of gloves "Coestramm" {Contam rF+++}
rMut    +                       C - +0 pair of boots
Will    ++...                   H - amulet of the acrobat
Stlth   ..........              t - +4 ring of evasion
HPRegen 0.23/turn               F - +4 ring of evasion
MPRegen 0.16/turn

@: about to teleport, heroic, studying Armour
A: sickness immunity, AC +9, negative energy resistance 1, electricity
resistance, torment resistance 1, petrification resistance
a: Renounce Religion, Heroism, Finesse, Duel


You were on level 2 of the Orcish Mines.
You worshipped Okawaru.
Okawaru was extremely pleased with you.
You visited 4 branches of the dungeon, and saw 16 of its levels.
You also visited: Ossuary and Bailey.

You collected 1315 gold pieces.

Inventory:

Hand Weapons
 h - a +3 long sword of electrocution
 r - the +10 falchion "Ixegrar" (weapon) {venom, rN+ Will+ Dex+6}
   (You found it on level 5 of the Dungeon)

   It poisons the flesh of those it strikes.
   Dex:       It affects your dexterity (+6).
   rN:        It protects you from negative energy.
   Will:      It increases your willpower.
Armour
 c - a +1 kite shield (worn)
 m - a +0 plate armour (worn)
 v - a +0 cloak (worn)
 y - the +0 pair of gloves "Coestramm" (worn) {Contam rF+++}
   (You acquired it on level 7 of the Dungeon)

   rF:        It renders you almost immune to fire.
   Contam:    It causes magical contamination when unequipped.
 C - a +0 pair of boots (worn)
 D - a +0 helmet
 K - the -2 hat of the Alchemist (worn) {rElec rPois rF+ rC+ rN+ Will+ rMut rCorr}
   (Okawaru gifted it to you on level 11 of the Dungeon)

   rF:        It protects you from fire.
   rC:        It protects you from cold.
   rElec:     It insulates you from electricity.
   rPois:     It protects you from poison.
   rN:        It protects you from negative energy.
   rCorr:     It protects you from acid and corrosion.
   rMut:      It protects you from mutation.
   Will:      It increases your willpower.
Jewellery
 t - a +4 ring of evasion (left hand)
 F - a +4 ring of evasion (right hand)
 H - an amulet of the acrobat (around neck)
Wands
 i - a wand of flame (57)
 p - a wand of polymorph (12)
 q - a wand of acid (12)
 G - a wand of iceblast (21)
 I - a wand of paralysis (10)
 L - a wand of mindburst (22)
Scrolls
 k - 5 scrolls of identify
 l - 8 scrolls of enchant weapon
 n - a scroll of teleportation
 s - 2 scrolls of magic mapping
 w - 2 scrolls of enchant armour
 E - a scroll of silence
Potions
 a - a potion of might
 b - 2 potions of cancellation
 d - a potion of brilliance
 f - 2 potions of berserk rage
 g - 3 potions of curing
 j - a potion of magic
 o - 5 potions of flight
 u - 4 potions of lignification
 x - a potion of haste
 z - 3 potions of resistance
 A - 2 potions of ambrosia
 B - 3 potions of mutation
Miscellaneous
 J - a condenser vane
 M - a tin of tremorstones (2/2)


   Skills:
 + Level 8.9(13.9) Fighting
 * Level 9.8(14.8) Long Blades
 * Level 11.9(16.9) Armour
 * Level 11.8(16.8) Shields
 + Level 7.4 Invocations
 + Level 6.5 Evocations


You had 12 spell levels left.
You didn't know any spells.
Your spell library contained the following spells:

 Spells                   Type           Power      Damage    Failure   Level
 Corona                   Hex            0%         N/A       95%         1
 Foxfire                  Conj/Fire      0%         2x1d4     95%         1
 Freeze                   Ice            0%         1d3       95%         1
 Pain                     Necr           0%         1d4       95%         1
 Sandblast                Erth           0%         2d4       95%         1
 Ensorcelled Hibernation  Hex/Ice        0%         N/A       98%         2
 Passwall                 Tmut/Erth      0%         N/A       98%         2
 Conjure Flame            Conj/Fire      0%         6-21      100%        3
 Frozen Ramparts          Ice            0%         1d2       100%        3
 Inner Flame              Hex/Fire       0%         N/A       100%        3
 Ozocubu's Armour         Ice            0%         N/A       100%        3
 Vampiric Draining        Necr           0%         2d6       100%        3
 Hailstorm                Conj/Ice       0%         3d3       100%        4
 Agony                    Necr           0%         N/A       100%        5
 Excruciating Wounds      Necr           0%         N/A       100%        5
 Freezing Cloud           Conj/Ice/Air   0%         6-21      100%        5
 Iskenderun's Battlesphe  Conj           0%         2d6       100%        5
 Lee's Rapid Deconstruct  Erth           0%         3d5*      100%        5
 Iron Shot                Conj/Erth      0%         9d1       100%        6
 Ozocubu's Refrigeration  Ice            0%         4d5       100%        7
 Polar Vortex             Ice            0%         N/A       100%        9
 Animate Skeleton         Necr           Unusable   N/A       N/A         1
 Tukima's Dance           Hex            Unusable   N/A       N/A         3
 Simulacrum               Ice/Necr       Unusable   N/A       N/A         6
 Spellforged Servitor     Conj/Summ      Unusable   N/A       N/A         7

Dungeon Overview and Level Annotations

Branches:
Dungeon (12/15)            Temple (1/1) D:7            Lair (1/6) D:8
    Orc (1/2) D:10        Ossuary (visited)          Bailey (visited)

Altars:
Ashenzari
Cheibriados
Dithmenos
Elyvilon
Fedhas
Gozag
Hepliaklqana
Kikubaaqudgha
Makhleb
Nemelex Xobeh
Okawaru
Qazlal
Ru
Sif Muna
Trog
Uskayaw
Vehumet
Wu Jian
Xom
Yredelemnul
Zin
The Shining One

Shops:
D:9 (=![   D:11 [   Orc:2 !

Annotations:
D:3 exclusion: oklob plant
D:10 1 runed translucent door, Cancer's ghost, journeyman GrCj
Orc:2 Snorg


Innate Abilities, Weirdness & Mutations

You are immune to sickness and miasma.
Your stone body is resilient. (AC +9)
You are immune to poison.
You resist negative energy. (rN+)
You are resistant to electric shocks. (rElec)
You are resistant to unholy torment.
You are immune to petrification.


Message History

The orc warrior hits you with a +0 battleaxe.
Snorg closely misses you. x2; Snorg claws you!
You hit the orc warrior.
The orc warrior is poisoned.
The orc warrior is moderately wounded.
Snorg closely misses you.
You riposte.
You closely miss Snorg.
Snorg is heavily wounded.
Snorg closely misses you. Snorg barely misses you.
You hit the orc warrior.
The orc warrior looks as sick as possible!
The orc warrior is moderately wounded.
You block the orc warrior's attack.
You hit the orc warrior.
The orc warrior looks as sick as possible!
The orc warrior is severely wounded.
You block Snorg's attack. x2; Snorg claws you but does no damage.
You block the orc warrior's attack.
You slash Snorg!
Snorg looks as sick as possible!
Snorg is heavily wounded.
You kill the orc warrior!
Okawaru accepts your kill. Snorg bites you but does no damage.
Snorg claws you but does no damage. Snorg completely misses you.
You closely miss Snorg.
Snorg is severely wounded.
Snorg bites you!! You block Snorg's attack. Snorg barely misses you.
The orc priest mumbles some strange prayers to Beogh against you.
Beogh smites you!
You slash Snorg!
Snorg looks as sick as possible!
Snorg is severely wounded.
You block Snorg's attack. x2; Snorg claws you.
* * * LOW HITPOINT WARNING * * *
The orc hits you but does no damage.
Unknown command.
Okay, then.
As you read the scroll of teleportation, it crumbles to dust.
You feel strangely unstable.
You block Snorg's attack. x2; Snorg claws you!
* * * LOW HITPOINT WARNING * * *
The orc priest invokes the aid of Beogh against you.
Beogh smites you!
You die...

.##.##...#.....##
.#.. ##.........##
#...#...........#
............##.##
.....##.....[).##
..........#####))##
.$....#...# #...#
..........' #..##
#.#......# #@.##
....∩..#


#Too# ....oT.oo..oo.## ..oo.oo..# .....T.... .o.......## .........# .........#
........## You could see Snorg (berserk, extremely poisoned), a troll, an orc
priest, an orc wizard and 4 orcs.

Vanquished Creatures
  Josephine (Orc:1)
  A death knight (D:12)
  3 centaur warriors (D:10)
  5 two-headed ogres
  Urug (Orc:1)
  Sonja (Orc:1)
  A skeletal warrior (D:12)
  2 orc knights
  A deep elf pyromancer (D:12)
  5 cyclopes
  2 ugly things
  A gargoyle (D:12)
  Joseph (D:8)
  A komodo dragon (D:8)
  A freezing wraith (D:12)
  A hornet (D:6)
  Prince Ribbit (D:7)
  2 shadows (D:10)
  8 wraiths
  5 humans (D:7)
  2 steam dragons (D:8)
  3 basilisks
  3 wargs (D:10)
  Menkaure (D:6)
  An acid dragon (D:9)
  3 water moccasins
  28 orc warriors
  2 sky beasts
  5 ogres
  2 necrophages
  13 centaurs
  2 kobold brigands
  A bullfrog (D:8)
  2 scorpions
  A water moccasin skeleton (D:3)
  14 wights
  A killer bee (D:5)
  3 electric eels (D:9)
  A howler monkey (D:5)
  5 centaur zombies
  A bullfrog zombie (D:6)
  5 hounds
  A bullfrog skeleton (D:4)
  8 orc priests
  A jelly (D:6)
  7 iguanas
  11 orc wizards
  A killer bee zombie (D:9)
  A hound skeleton (D:4)
  2 howler monkey zombies
  6 adders
  A gnoll (D:1)
  A shadow imp (D:6)
  2 white imps (D:5)
  2 ufetubi
  2 adder zombies (Ossuary)
  3 worms
  A dart slug (D:1)
  60 orcs
  6 bats
  3 bat zombies (D:3)
  5 endoplasms
  3 giant cockroaches (D:1)
  9 goblins
  2 hobgoblins
  9 jackals
  18 kobolds
  5 quokkas
  6 ball pythons
  A frilled lizard (D:3)
  A goblin zombie (D:4)
  4 hobgoblin skeletons (Ossuary)
  A kobold zombie (Ossuary)
  An orc skeleton (Ossuary)
  An orc zombie (Ossuary)
  10 rats
  A rat zombie (D:4)
339 creatures vanquished.

Vanquished Creatures (others)
  An orc priest (D:9)
  10 plants
11 creatures vanquished.

Grand Total: 350 creatures vanquished

Notes
Turn   | Place    | Note
-------+----------+-------------------------------------------
     0 | D:1      | timneilson the Gargoyle Fighter began the quest for the
                  | Orb.
     0 | D:1      | Reached XP level 1. HP: 14/14 MP: 1/1
    67 | D:1      | Reached XP level 2. HP: 13/19 MP: 2/2
   427 | D:1      | Reached XP level 3. HP: 20/23 MP: 3/3
   505 | D:1      | Found a faded altar of an unknown god.
  1306 | D:2      | Reached XP level 4. HP: 5/29 MP: 4/4
  2100 | D:3      | Found a blossoming altar of Fedhas.
  2111 | D:3      | Noticed an oklob plant
  2342 | D:3      | Reached XP level 5. HP: 20/33 MP: 5/5
  2880 | D:3      | Found an ancient bone altar of Kikubaaqudgha.
  3126 | D:4      | Found a sand-covered staircase.
  3147 | Ossuary  | Entered an ossuary
  3191 | Ossuary  | Reached XP level 6. HP: 38/38 MP: 6/6
  3236 | Ossuary  | Noticed a wraith
  3236 | Ossuary  | Noticed a flying skull
  3244 | Ossuary  | Noticed a flying skull
  3247 | Ossuary  | Noticed a wraith
  3256 | Ossuary  | Killed a wraith
  3257 | Ossuary  | Reached skill level 5 in Armour
  3257 | Ossuary  | Reached skill level 5 in Shields
  3257 | Ossuary  | Reached skill level 1 in Evocations
  3261 | Ossuary  | Noticed a flying skull
  3262 | Ossuary  | Noticed a flying skull
  3285 | Ossuary  | Noticed a flying skull
  3308 | Ossuary  | Reached XP level 7. HP: 19/44 MP: 7/7
  3499 | Ossuary  | Noticed a wraith
  3507 | Ossuary  | Killed a wraith
  3748 | D:4      | Found a white marble altar of Elyvilon.
  3796 | D:4      | Found an iron altar of Okawaru.
  3805 | D:4      | Became a worshipper of Warmaster Okawaru
  4243 | D:5      | Entered Level 5 of the Dungeon
  4256 | D:4      | Reached skill level 1 in Invocations
  4256 | D:4      | Reached XP level 8. HP: 20/48 MP: 8/8
  4661 | D:5      | Found a glowing silver altar of Zin.
  4662 | D:5      | Identified the +10 falchion "Ixegrar" {venom, rN+ Will+
                  | Dex+6}
  4693 | D:5      | Reached skill level 5 in Fighting
  4693 | D:5      | Reached * piety under Okawaru
  4901 | D:5      | Found a sparkling altar of Nemelex Xobeh.
  4901 | D:5      | Found a snail-covered altar of Cheibriados.
  4949 | D:5      | Reached skill level 5 in Long Blades
  5375 | D:6      | Reached XP level 9. HP: 54/54 MP: 10/10
  5513 | D:6      | Found a broken altar of Ashenzari.
  5513 | D:6      | Noticed Menkaure
  5525 | D:6      | Killed Menkaure
  5525 | D:6      | Reached ** piety under Okawaru
  6100 | D:7      | Noticed a hornet
  6118 | D:6      | Killed a hornet
  6226 | D:7      | Found a hide-covered altar of Uskayaw.
  6310 | D:7      | Reached *** piety under Okawaru
  6795 | D:7      | Reached XP level 10. HP: 50/60 MP: 12/12
  6940 | D:7      | Noticed Prince Ribbit
  6945 | D:7      | Killed Prince Ribbit
  6994 | D:7      | Found a staircase to the Ecumenical Temple.
  7000 | Temple   | Entered the Ecumenical Temple
  7098 | D:7      | Identified a scroll of acquirement
  7098 | D:7      | Acquired the +0 pair of gloves "Coestramm" {Contam rF+++}
  7213 | D:8      | Reached **** piety under Okawaru
  7221 | D:8      | Found a staircase to the Lair.
  7316 | D:8      | Noticed Joseph
  7325 | D:8      | Killed Joseph
  8133 | D:9      | Noticed a cyan ugly thing
  8157 | D:9      | Killed a cyan ugly thing
  8157 | D:9      | Reached ***** piety under Okawaru
  8605 | D:9      | Found Engic's Distillery.
  8613 | D:9      | Found Tublej's Antique Weapon Boutique.
  8613 | D:9      | Found Jielusump's Jewellery Shop.
  8613 | D:9      | Found Canol's Armour Emporium.
  8786 | D:9      | Received a gift from Okawaru
  8787 | D:9      | Reached skill level 5 in Invocations
  8937 | D:9      | Found a shadowy altar of Dithmenos.
  9320 | D:10     | Entered Level 10 of the Dungeon
  9347 | D:10     | Reached XP level 11. HP: 63/67 MP: 14/14
  9388 | D:10     | Found a runed translucent door.
  9388 | D:10     | Found a shimmering altar of Xom.
  9388 | D:10     | Noticed Cancer's ghost (journeyman GrCj)
  9388 | D:10     | Noticed a +2 hand axe of chaos
  9458 | D:10     | Noticed a two-headed ogre
  9467 | D:10     | Killed a two-headed ogre
  9519 | D:10     | Noticed a centaur warrior
  9519 | D:10     | Noticed a red ugly thing
  9527 | D:10     | Killed a centaur warrior
  9537 | D:10     | Killed a red ugly thing
  9621 | D:10     | Noticed a centaur warrior
  9631 | D:10     | Killed a centaur warrior
  9881 | D:10     | Reached skill level 5 in Evocations
  9927 | D:10     | Reached skill level 10 in Shields
 10054 | D:10     | Found a sacrificial altar of Ru.
 10089 | D:10     | Noticed a centaur warrior
 10090 | D:10     | Noticed a cyclops
 10096 | D:10     | Killed a centaur warrior
 10097 | D:10     | Reached skill level 10 in Armour
 10106 | D:10     | Killed a cyclops
 10210 | D:10     | Found a staircase to the Orcish Mines.
 10472 | D:10     | Found a burning altar of Makhleb.
 10594 | D:11     | Noticed a cyclops
 10606 | D:11     | Killed a cyclops
 10774 | D:11     | Found Pasiam's Armour Shop.
 10789 | D:11     | Noticed a two-headed ogre
 10798 | D:11     | Killed a two-headed ogre
 10920 | D:11     | Noticed a two-headed ogre
 10928 | D:11     | Killed a two-headed ogre
 10928 | D:11     | Received a gift from Okawaru
 10928 | D:11     | Found the -2 hat of the Alchemist {rElec rPois rF+ rC+ rN+
                  | Will+ rMut rCorr}
 10929 | D:11     | Reached XP level 12. HP: 53/73 MP: 16/16
 11593 | D:12     | Noticed a two-headed ogre
 11602 | D:12     | Killed a two-headed ogre
 11754 | D:12     | Noticed a death knight
 11764 | D:12     | Killed a death knight
 12133 | D:12     | Noticed a two-headed ogre
 12144 | D:12     | Killed a two-headed ogre
 12718 | Lair:1   | Entered Level 1 of the Lair of Beasts
 12729 | Lair:1   | Noticed a six-headed hydra
 12829 | Orc:1    | Entered Level 1 of the Orcish Mines
 12829 | Orc:1    | Noticed Sonja
 12836 | Orc:1    | Killed Sonja
 12852 | Orc:1    | Noticed Josephine
 12861 | Orc:1    | Killed Josephine
 12912 | Orc:1    | Noticed Urug
 12942 | Orc:1    | Killed Urug
 12952 | Orc:1    | Found a flagged portal.
 12964 | Bailey   | Entered a bailey
 13674 | Bailey   | Reached XP level 13. HP: 52/79 MP: 16/18
 13675 | Bailey   | Received a gift from Okawaru
 14546 | Orc:1    | You fall into a shaft and drop 1 floor!
 14546 | Orc:2    | Entered Level 2 of the Orcish Mines
 14596 | Orc:2    | Found Suditan's Distillery.
 14606 | Orc:2    | Received a gift from Okawaru
 14633 | Orc:2    | Noticed Snorg
 14646 | Orc:2    | Killed from afar by an orc priest

Illustrated notes

Levels and vault maps discovered:
D:1:      dpeg_arrival_rhombus, layout_loops_ring,
          ebering_ecumenical_altar_rust, kennysheep_nondescript,
          chequers_serial_rivers_small_3
D:2:      layout_basic
D:3:      minmay_wonky_spiral, layout_loops_cross,
          lemuel_zombie_altar_kikubaaqudgha, tgw_fedhas, st_stairs_13, hex_tiny
D:4:      layout_loops_cross, kennysheep_little_box,
          mainiacjoe_overflow_brackets, enter_ossuary_4
D:5:      layout_rooms, gammafunk_temple_overflow_wave, zin_academy, st_stairs_4
D:6:      layout_loops_ring, mainiacjoe_overflow_chevrons, uniq_menkaure
D:7:      layout_loops_ring, kennysheep_mini_moat, minmay_temple_entry_fiery,
          minmay_ruffians, uniq_prince_ribbit1
D:8:      layout_loops_cross, lair_entry_dummy, moated_statue,
          kennysheep_pointless_box, uniq_joseph
D:9:      layout_irregular_city, grunt_dithmenos_smoke, serial_bayou,
          serial_bayou_pond_e, serial_bayou_pond_a, serial_bayou_pond_a,
          serial_bayou_pond_b, nicolae_wooded_promenade
D:10:     layout_stronghold, lemuel_doored_altar, nicolae_ru_path_of_blood,
          minmay_orc_entry_guard_dogs, ebering_ghost_xom,
          minmay_shattered_shrine
D:11:     layout_loops_corners, serial_shops, nicolae_take_the_stairs
D:12:     layout_irregular_city
Temple:   eino_temple_lava
Lair:1:   layout_chaotic_city, disabler_island
Orc:1:    nicolae_orc_accident_3, layout_diamond_mine, enter_bailey_5,
          nicolae_orc_crystal_geode, uniq_urug, uniq_josephine, uniq_sonja
Orc:2:    grunt_orc_community_town_hall, layout_caves,
          grunt_orc_community_big_house_2, grunt_orc_community_big_house_2,
          grunt_orc_community_house_2, grunt_orc_community_house_1,
          grunt_orc_community_house_2, grunt_orc_community_house_1,
          grunt_orc_community_house_1, grunt_orc_community_house_1,
          serial_shops, shop, nicolae_shop_trees, shop, shop, uniq_saint_roka,
          uniq_maurice, uniq_snorg

Skill      XL: |  1  2  3  4  5  6  7  8  9 10 11 12 |
---------------+-------------------------------------+-----
Long Blades    | 2 3 4 5 6 7 8 9 |  9.8
Shields        | 4 5 6 8 9 10 11 | 11.8
Armour         | 4 5 6 8 9 10 11 | 11.9
Fighting       | 4 5 6 7 8 |  8.9
Evocations     | 1 2 3 4 5 6 |  6.5
Invocations    | 1 2 3 5 6 7 |  7.4

Action                   |  1- 3 |  4- 6 |  7- 9 | 10-12 | 13-15 || total
-------------------------+-------+-------+-------+-------+-------++-------
Melee: Long sword        |   126 |   139 |    48 |       |       ||   313
       Falchion          |       |       |   144 |   581 |   127 ||   852
Invok: Heroism           |       |       |       |     8 |     3 ||    11
  Use: Scroll            |     1 |     4 |    10 |     9 |     1 ||    25
       Potion            |       |       |     1 |     3 |     3 ||     7
Armor: Scale mail        |    76 |    15 |       |       |       ||    91
       Chain mail        |       |    81 |    97 |    54 |       ||   232
       Plate armour      |       |       |       |   197 |    32 ||   229
Dodge: Dodged            |    47 |    26 |    81 |   332 |    55 ||   541
Block: Kite shield       |    61 |    48 |   125 |   457 |   113 ||   804
       Rpst.: Long sword |    14 |     6 |     8 |       |       ||    28
       Falchion          |       |       |    16 |    65 |    16 ||    97

Table legend: (Time is in decaauts)
 A = Elapsed time spent in this place.
 B = Non-inter-level travel time spent in this place.
 C = Inter-level travel time spent in this place.
 D = Time resting spent in this place.
 E = Time spent auto-exploring this place.
 F = Levels seen in this place.
 G = Mean time per level.
                   A        B        C        D        E       F      G
               +--------+--------+--------+--------+--------+-----+--------+
         Total |  14792 |  14314 |    478 |   1090 |   9923 |  18 |  821.8 |
       Dungeon |  12762 |  12284 |    478 |    681 |   9101 |  12 | 1063.5 |
        Temple |     73 |     73 |      0 |      0 |     64 |   1 |   73.0 |
          Lair |     23 |     23 |      0 |      0 |      7 |   1 |   23.0 |
  Orcish Mines |    742 |    742 |      0 |     24 |    400 |   2 |  371.0 |
       Ossuary |    466 |    466 |      0 |    174 |     47 |   1 |  466.0 |
        Bailey |    724 |    724 |      0 |    211 |    303 |   1 |  724.0 |
               +--------+--------+--------+--------+--------+-----+--------+

Top non-repeatable levels by time:
    D:10: 1634 daAuts
     D:9: 1330 daAuts
     D:3: 1165 daAuts
    D:12: 1056 daAuts
     D:4: 1056 daAuts
    D:11: 1010 daAuts
     D:1: 1003 daAuts
     D:7: 947 daAuts
     D:5: 947 daAuts
     D:8: 942 daAuts
     D:2: 901 daAuts
     D:6: 765 daAuts
  Bailey: 724 daAuts
   Orc:1: 650 daAuts
 Ossuary: 466 daAuts
